 Dungeon Crawl Stone Soup version 0.21.0-37-g46506fa (webtiles) character file.

48 Mgcat the Digger (level 3, -4/19 HPs)
             Began as a Gargoyle Earth Elementalist on Feb 1, 2018.
             Slain by a gnoll
             ... wielding a +0 flail
              (7 damage)
             ... on level 3 of the Dungeon.
             The game lasted 00:03:27 (1593 turns).

Mgcat the Digger (Gargoyle Earth Elementalist)      Turns: 1593, Time: 00:03:28

Health: -4/19      AC:  6    Str: 11    XL:     3   Next: 72%
Magic:  5/7        EV: 12    Int: 16    God:
Gold:   31         SH:  0    Dex: 10    Spells: 6/7 levels left

rFire    + . .     SeeInvis .   g - +2 short sword (flame)
rCold    + . .     Gourm    .   (no shield)
rNeg     + . .     Faith    .   c - +1 robe
rPois    ∞         Spirit   .   (no helmet)
rElec    +         Reflect  .   (no cloak)
rCorr    +         Harm     .   (no gloves)
MR       .....                  (no boots)
Stlth    ++........             (no amulet)
HPRegen  0.06/turn              (no ring)
MPRegen  0.10/turn              (no ring)

@: resistant
A: negative energy resistance 1, electricity resistance, unbreathing,
petrification resistance, rot immunity, AC +3
a: no special abilities


You were on level 3 of the Dungeon.
You were not hungry.

You visited 1 branch of the dungeon, and saw 3 of its levels.

You collected 31 gold pieces.

Inventory:

Hand Weapons
 g - a +2 short sword of flaming (weapon)
 l - a +2 mace of protection
Missiles
 b - 84 stones (quivered)
Armour
 c - a +1 robe (worn)
Scrolls
 m - a scroll of identify
Potions
 a - a potion of degeneration
 f - a potion of curing
 i - a potion of berserk rage {unknown}
 j - a potion of heal wounds {unknown}
 o - a potion of lignification {unknown}
 p - a potion of haste {unknown}
Books
 e - a book of Geomancy

   Spells                             Type                      Level
   a - Sandblast                      Earth                        1
   b - Passwall                       Transmutation/Earth          2
   c - Stone Arrow                    Conjuration/Earth            3
   d - Petrify                        Transmutation/Earth          4
   e - Lee's Rapid Deconstruction     Earth                        5
Comestibles
 d - 2 rations
 h - 8 chunks of flesh


   Skills:
 - Level 1.5 Dodging
 - Level 2.1 Stealth
 + Level 2.9 Spellcasting
   Level 0.7 Transmutations
 + Level 4.7 Earth Magic


You had 6 spell levels left.
You knew the following spells:

 Your Spells              Type           Power        Failure   Level  Hunger
a - Sandblast             Erth           ###...       2%          1    #......


Dungeon Overview and Level Annotations

Branches:
Dungeon (3/15)

Altars:

Annotations:
D:2 1 runed door, Sigmund
D:3 Grinder


Innate Abilities, Weirdness & Mutations

You are resistant to torment.
Your stone body is resilient. (AC +3)
You are immune to poison.
You resist negative energy. (rN+)
You are resistant to electric shocks. (rElec)
You can survive without breathing.
You are immune to petrification.
You are immune to rotting.


Message History

Confirm with . or Enter, or press ? or * to list all spells.
Aiming: Sandblast
Press: ? - help, Shift-Dir - straight line, f - gnoll
Aim: a gnoll, wielding a flail The blast of sand hits the gnoll.
The gnoll is severely wounded.
b - 85 stones Grinder blinks!
The gnoll completely misses you. The gnoll hits you with a whip.
* * * LOW HITPOINT WARNING * * *
Casting: Sandblast
Confirm with . or Enter, or press ? or * to list all spells.
Aiming: Sandblast
Press: ? - help, Shift-Dir - straight line, f/p - gnoll
Aim: a gnoll, wielding a flail (severely wounded)
The blast of sand hits the gnoll.
The gnoll is almost dead.
b - 84 stones The gnoll hits you with a flail!
You die...

#.# #. #.#########
#.........[
######..########
.##########.......#
........w.#.#####.#
...5....#.#.# #.#
#######.#g#.# #.#
#w#@#.# #.#
######g#g#.# #.#
........5g..# .#
##.#.##.#.###
#.........l..g
##.........###
w.......###.#
#####.#.# # #.#.#


You could see Grinder, a worm and 3 gnolls.

Vanquished Creatures
  2 adders
  A leopard gecko (D:3)
  A giant cockroach (D:3)
  5 goblins
  2 hobgoblins (D:1)
  8 jackals
  A quokka (D:2)
  A ball python (D:3)
  A frilled lizard (D:3)
  3 kobolds
  2 rats
27 creatures vanquished.

Notes
Turn   | Place    | Note
-------+----------+-------------------------------------------
     0 | D:1      | Mgcat the Gargoyle Earth Elementalist began the quest for the Orb.
     0 | D:1      | Reached XP level 1. HP: 10/10 MP: 3/3
   383 | D:1      | Reached skill level 4 in Earth Magic
   383 | D:1      | Reached XP level 2. HP: 15/15 MP: 5/5
  1123 | D:2      | Reached XP level 3. HP: 16/19 MP: 7/7
  1229 | D:2      | Found a runed door.
  1364 | D:2      | Noticed Sigmund
  1583 | D:3      | Noticed Grinder
  1593 | D:3      | Slain by a gnoll

Skill      XL: |  1 |
---------------+----+-----
Earth Magic    | 4 |  4.7
Dodging        | |  1.5
Stealth        | |  2.1
Spellcasting   | |  2.9
Transmutations | |  0.7

Action                   || total
-------------------------++-------
Melee: Short sword       ||    97
       Unarmed           ||     1
 Cast: Sandblast         ||     5
  Use: Scroll            ||     8
       Potion            ||     1
 Stab: Sleeping          ||     3
       Distracted        ||     1
  Eat: Chunk             ||     2
Armor: Robe              ||    42
Dodge: Dodged            ||    62
